 Dungeon Crawl Stone Soup version 0.30-a0-779-g7971cf19c3 (webtiles) character file.

Game seed: 15549034260058790977

1 MacCMillion the Shooter (level 1, 6/10 HPs)
             Began as a Spriggan Hunter on Feb 17, 2023.
             Quit the game on level 1 of the Dungeon.
             The game lasted 00:00:08 (37 turns).

MacCMillion the Shooter (Spriggan Hunter)             Turns: 37, Time: 00:00:09

Health: 6/10       AC:  2    Str:  7    XL:     1   Next: 16%
Magic:  2/2        EV: 17    Int: 10    God:
Gold:   10         SH:  0    Dex: 18    Spells: 0/0 levels left

rFire   . . .      SeeInvis +    a - +0 shortbow
rCold   . . .      Faith    .    (shield currently unavailable)
rNeg    . . .      Spirit   .    c - +0 robe
rPois   .          Reflect  .    (helmet restricted)
rElec   .          Harm     .    (no cloak)
rCorr   .          Rampage  .    (gloves unavailable)
Will    .....                    (boots unavailable)
Stlth   ++                       (no amulet)
HPRegen 0.21/turn                (no ring)
MPRegen 0.08/turn                (no ring)

@: very quick
A: very small, no large weapons, unfitting armour, see invisible, speed 3
a: no special abilities


You were on level 1 of the Dungeon.
You visited 1 branch of the dungeon, and saw 1 of its levels.

You collected 10 gold pieces.

Inventory:

Hand Weapons
 a - a +0 shortbow (weapon)
Armour
 c - a +0 robe (worn)
Scrolls
 b - a scroll of immolation


   Skills:
 + Level 1.6 Fighting
 + Level 4.0 Ranged Weapons
 + Level 2.7 Dodging
 + Level 1.6 Stealth


You couldn't memorise any spells.
You didn't know any spells.
Your spell library was empty.

Dungeon Overview and Level Annotations

Branches:
Dungeon (1/15)

Altars:


Innate Abilities, Weirdness & Mutations

You are very small and have problems with some larger weapons.
You are too small for most types of armour.
You have supernaturally acute eyesight. (SInv)
You cover ground extremely quickly. (Speed+++)


Message History

Press ? for a list of commands and other information.
Found a staircase leading out of the dungeon.
You now have 4 gold pieces.
A bat comes into view.
A bat is nearby!
You shoot an arrow. The arrow hits the bat!
You kill the bat!
No target in view!
Found 6 poisoned darts.
You now have 10 gold pieces (gained 6).
A kobold comes into view. It is wielding a +0 dagger.
Found 13 gold pieces.
A sourceless malevolence fills the Dungeon... and a teleportation trap spontaneously manifests!
You are yanked towards some nearby monsters!
Your surroundings suddenly seem different.
An endoplasm, a giant cockroach and a bat come into view.
The kobold moves out of view.
There are monsters nearby!
You shoot an arrow.
The arrow hits the endoplasm but does no damage.
The endoplasm quivers.
You hear an angry hiss.
The bat closely misses you. The bat barely misses you.
You shoot an arrow.
The arrow hits the endoplasm but does no damage.
The bat hits you but does no damage. The endoplasm closely misses you.
The giant cockroach completely misses you.
A ball python comes into view.
You shoot an arrow. The arrow hits the endoplasm.
The endoplasm is lightly wounded.
The bat hits you but does no damage. The giant cockroach misses you.
The endoplasm hits you. The giant cockroach closely misses you.
The endoplasm freezes you.
You are frozen.
You are too injured to fight recklessly!
You are too injured to fight recklessly!
The bat misses you. The giant cockroach closely misses you.
The bat hits you but does no damage.
A ball python comes into view.
Are you sure you want to abandon this character and quit the game? (Confirm with "yes".)

# #. #.# #...
#.#.######.##..
#.#...b@.......
#.###B#.......#
#..S..+....S..+
#....##.......# K.
+....############.
#....# ##.. #....#
##.. #.###. #..#
## .. #..##


You could see a giant cockroach, a bat and 2 ball pythons.

Vanquished Creatures
  A bat (D:1)
1 creature vanquished.

Notes
Turn   | Place    | Note
-------+----------+-------------------------------------------
     0 | D:1      | MacCMillion the Spriggan Hunter began the quest for the
                  | Orb.
     0 | D:1      | Reached XP level 1. HP: 10/10 MP: 2/2
    37 | D:1      | Quit the game

Illustrated notes

Levels and vault maps discovered:
D:1:      lemuel_arrival_tunnels, layout_basic

Action                     || total
---------------------------++-------
   Fire: Shortbow          ||     4
 Armour: Robe              ||     3
  Dodge: Dodged            ||     8

Table legend: (Time is in decaauts)
 A = Elapsed time spent in this place.
 B = Non-inter-level travel time spent in this place.
 C = Inter-level travel time spent in this place.
 D = Time resting spent in this place.
 E = Time spent auto-exploring this place.
 F = Levels seen in this place.
 G = Mean time per level.
                   A        B        C        D        E       F      G
               +--------+--------+--------+--------+--------+-----+--------+
         Total |     25 |     25 |      0 |      0 |     15 |   1 |   25.0 |
       Dungeon |     25 |     25 |      0 |      0 |     15 |   1 |   25.0 |
               +--------+--------+--------+--------+--------+-----+--------+

Top non-repeatable levels by time:
     D:1: 25 daAuts
